 Dungeon Crawl Stone Soup version 0.31-a0-364-gb59cdcccf2 (webtiles) character file.

Game seed: 15470330718970113653

7 Kyara the Conjurer (level 2, 24/24 HPs)
             Began as a Meteoran Reaver on July 27, 2023.
             Got out of the dungeon alive.
             The game lasted 00:01:34 (158 turns).

Kyara the Conjurer (Meteoran Reaver)                 Turns: 158, Time: 00:01:34

Health: 24/24      AC:  3    Str: 13    XL:     2   Next: 17%
Magic:  6/6        EV: 12    Int: 14    God:
Gold:   6          SH:  0    Dex: 12    Spells: 5/6 levels left

rFire   . . .        a - +0 falchion
rCold   . . .        (no shield)
rNeg    . . .        b - +0 leather armour
rPois   .            (no helmet)
rElec   .            (no cloak)
rCorr   .            (no gloves)
SInv    .            (no boots)
Will    .....        (no amulet)
Stlth   +            (no ring)
HPRegen 0.24/turn    (no ring)
MPRegen 0.10/turn

%: no passive effects
@: glowing
A: sense surroundings 1, otherworldly, glowing, explore regen
a: no special abilities


You escaped.
You visited 1 branch of the dungeon, and saw 1 of its levels.

You collected 6 gold pieces.


Innate Abilities, Weirdness & Mutations

You passively map a small area around you.
You are easily found by Zot.
You glow in the dark.
You regain HP and MP as you explore.


   Skills:
 - Level 2.1 Fighting
 + Level 3.8 Long Blades
 - Level 2.4 Dodging
 - Level 2.6 Spellcasting
 * Level 4.0 Conjurations


You had 5 spell levels left.
You knew the following spells:

 Your Spells              Type           Power      Damage    Failure   Level
X - Kiss of Death         Conj/Necr      28%        2d7       12%         1

Your spell library contained the following spells:

 Spells                   Type           Power      Damage    Failure   Level
 Momentum Strike          Conj/Tloc      14%        3d8       19%         2
 Hailstorm                Conj/Ice       7%         3d4       36%         3

Inventory:

Hand Weapons
 a - a +0 falchion (weapon)
Armour
 b - a +0 leather armour (worn)

Dungeon Overview and Level Annotations

Branches:
Dungeon (1/15) Zot: 440

Altars:

* §≈§.###,# * ,
§§§§..#.# ,
########.§§§.#.# ,
......§....≈...# , ##*
* ###.≈§§§≈.≈≈≈.# ,$##
## * #.§§≈..§≈.[.§.#,
~ ..#, .r.
,###§≈§≈§≈§≈≈≈.≈.#§~
..# #
#.#*#...§.§§§§....≈...
##..#.#
...#§§≈§§≈≈§.@.§§≈.≈≈
#......
*#.#.≈...§§§..§§§..≈.,
#....##
#...§.#.≈.≈≈≈§§§≈≈≈.
#.##.##
##≈≈≈.#.≈...≈§..≈...
#.##.##
#≈...#.≈≈≈.≈≈≈≈≈.##
#.##.##
#≈.#.#...≈...§.....
#.##.##
#§.#.#.#.≈≈≈.#######
#......
#§.#.#.#...≈........
####.##
#≈.#.#.###.§≈≈§.#####*
#.#


There were no monsters in sight!


Message History

Options error: Missing colour in message_colour setting: 'that.*feels deathly cold' Options error: Missing colour in message_colour setting: 'and you must be Full or above to equip it' Options error: Missing colour in message_colour setting: 'but rights himself reflexively soon after' Options error: Missing colour in message_colour setting: 'before it is too late' Welcome, Kyara the Meteoran Reaver.
The awesome Orb of Zot lies far below, as if waiting for you to find it.
Press ? for a list of commands and other information.
Found a scale mail.
Found a staircase leading out of the dungeon.
Okay, then.
You now have 6 gold pieces.
A hobgoblin comes into view.
The hobgoblin shouts!
The hobgoblin hits you but does no damage.
You completely miss the hobgoblin. The hobgoblin closely misses you.
You slash the hobgoblin!
You kill the hobgoblin!
No target in view!
No target in view!
You see here a hobgoblin corpse.
A dart slug comes into view.
A dart slug is nearby!
The dart slug bites you but does no damage.
You hit the dart slug. The dart slug barely misses you.
You hit the dart slug but do no damage. The dart slug launches a dart at you.
The slug dart misses you.
You slash the dart slug!
You kill the dart slug!
No target in view!
No target in view!
A dart slug comes into view.
The dart slug launches a dart at you. The slug dart hits you. 😕 HP[-1]
You take 1 damage, and now have 16/17 hp.
The dart slug launches a dart at you. The slug dart hits you. 😕 HP[-1]
You take 1 damage, and now have 15/17 hp. 😕 HP[+1]
You hit the dart slug.
The dart slug bites you but does no damage.
You barely miss the dart slug. You slash the dart slug!
The dart slug launches a dart at you. The slug dart hits you. 😕 HP[-2]
You take 2 damage, and now have 14/17 hp.
You slash the dart slug!
You kill the dart slug!
Your Conjurations skill increases to level 4!
You have reached level 2! 😕 HP[+6] MP[+1]
You now have 24 max hp (+7).
You regained 6 hp, and now have 20/24 hp.
Your mp is fully restored (6).
There is a staircase leading out of the dungeon here. 😎 HP[+4]
Your hp is fully restored (24).
Are you sure you want to leave the Dungeon?
This will make you lose the game!
You have escaped!

Skill      XL: |  1 |
---------------+----+-----
Conjurations   | 4 |  4.0
Fighting       | |  2.1
Long Blades    | |  3.8
Dodging        | |  2.4
Spellcasting   | |  2.6

Action                     || total
---------------------------++-------
  Melee: Falchion          ||     9
 Armour: Leather armour    ||     3
  Dodge: Dodged            ||     3

Levels and vault maps discovered:
D:1:      psy_arrival_radial02, layout_loops_cross,
          shapermc_ecumenical_altar_mp_vishouse

Notes
Turn   | Place    | Note
-------+----------+-------------------------------------------
     0 | D:1      | Kyara the Meteoran Reaver began the quest for the Orb.
     0 | D:1      | Reached XP level 1. HP: 17/17 MP: 5/5
     0 | D:1      | magus.rc [v1.11.6]
   105 | D:1      | Reached skill level 4 in Conjurations
   105 | D:1      | Reached XP level 2. HP: 20/24 MP: 6/6
   158 | D:$      | Got out of the dungeon alive.

Vanquished Creatures
  2 dart slugs (D:1)
  A hobgoblin (D:1)
3 creatures vanquished.

Table legend:
 A = Non-vault XP
 B = Vault XP
 C = Vault XP percentage of total XP
 D = Non-vault monster count
 E = Vault monster count
 F = Vault count percentage of total count
                 A         B        C        D         E       F
            +---------+---------+-------+---------+---------+-------
      Total |      10 |       0 |   0.0 |       3 |       0 |   0.0
            +---------+---------+-------+---------+---------+-------
        D:1 |      10 |       0 |   0.0 |       3 |       0 |   0.0
            +---------+---------+-------+---------+---------+-------

Skill      XL: |  1 |
---------------+----+-----
Conjurations   | 4 |  4.0
Fighting       | |  2.1
Long Blades    | |  3.8
Dodging        | |  2.4
Spellcasting   | |  2.6

Action                     || total
---------------------------++-------
  Melee: Falchion          ||     9
 Armour: Leather armour    ||     3
  Dodge: Dodged            ||     3

Illustrated notes

Table legend:
 A = Kills in this place as a percentage of kills in the entire game.
 B = Kills by you in this place as a percentage of kills by you in the entire game.
 C = Kills by friends in this place as a percentage of kills by friends in the entire game.
 D = Other kills in this place as a percentage of other kills in the entire game.
 E = Experience gained in this place as a percentage of experience gained in the entire game.
 F = Experience gained in this place divided by the number of levels of this place that you have seen.
                   A       B       C       D       E      F
               +-------+-------+-------+-------+-------+----------------------
         Total | 100.0 | 100.0 |   N/A |   N/A | 100.0 |  10.0
       Dungeon | 100.0 | 100.0 |   N/A |   N/A | 100.0 |  10.0
               +-------+-------+-------+-------+-------+----------------------

Table legend: (Time is in decaauts)
 A = Elapsed time spent in this place.
 B = Non-inter-level travel time spent in this place.
 C = Inter-level travel time spent in this place.
 D = Time resting spent in this place.
 E = Time spent auto-exploring this place.
 F = Levels seen in this place.
 G = Mean time per level.
                   A        B        C        D        E       F      G
               +--------+--------+--------+--------+--------+-----+--------+
         Total |    159 |    107 |     52 |      0 |     86 |   1 |  159.0 |
       Dungeon |    159 |    107 |     52 |      0 |     86 |   1 |  159.0 |
               +--------+--------+--------+--------+--------+-----+--------+

Top non-repeatable levels by time:
     D:1: 159 daAuts
